 Dungeon Crawl Stone Soup version 0.31-a0-152-g6aa68a64a1 (webtiles) character file.

Game seed: 3865805553903026967

82 qw the Chopper (level 4, 0/28 HPs)
             Began as a Gargoyle Fighter on June 10, 2023.
             Was an Initiate of Okawaru.
             Killed from afar by an orc wizard (3 damage)
             ... with a magic dart
             ... on level 3 of the Dungeon.
             The game lasted 00:00:57 (1698 turns).

qw the Chopper (Gargoyle Fighter)                   Turns: 1698, Time: 00:00:58

Health: 0/28       AC: 10    Str: 21    XL:     4   Next: 43%
Magic:  4/4        EV:  9    Int:  9    God:    Okawaru [......]
Gold:   68         SH:  4    Dex:  9    Spells: 3/3 levels left

rFire   . . .        Y - +1 war axe
rCold   . . .        c - +0 buckler
rNeg    + . .        b - +0 scale mail
rPois   inf          (no helmet)
rElec   +            (no cloak)
rCorr   .            (no gloves)
SInv    .            (no boots)
Will    .....        (no amulet) Stlth
                     (no ring)
HPRegen 0.24/turn    (no ring)
MPRegen 0.09/turn

%: no passive effects
@: no status effects
A: sickness immunity, AC +3, negative energy resistance 1, electricity
resistance, torment resistance 1, petrification resistance
a: Renounce Religion


You were on level 3 of the Dungeon.
You worshipped Okawaru.
Okawaru was noncommittal.
You visited 1 branch of the dungeon, and saw 3 of its levels.

You collected 68 gold pieces.


Innate Abilities, Weirdness & Mutations

You are immune to sickness and miasma.
Your stone body is resilient. (AC +3)
You are immune to poison.
You resist negative energy. (rN+)
You are resistant to electric shocks. (rElec)
You are resistant to unholy torment.
You are immune to petrification.


   Skills:
 - Level 3.2 Fighting
 + Level 4.1 Axes
 - Level 3.2 Armour
 - Level 3.2 Shields


You had 3 spell levels left.
You didn't know any spells.
Your spell library was empty.

Inventory:

Hand Weapons
 h - a +0 heavy mace
 Y - a +1 war axe (weapon)
Armour
 b - a +0 scale mail (worn)
 c - a +0 buckler (worn)
Potions
 d - a potion of might
 f - a potion of attraction {unknown}
 g - a potion of curing

Dungeon Overview and Level Annotations

Branches:
Dungeon (3/15)

Altars:
Okawaru


Message History

You block the orc priest's attack.
The orc wizard casts a spell.
The orc wizard flickers and vanishes!
Deactivating autopickup; reactivate with Ctrl-A.
The orc hits you with a +0 club. The orc priest completely misses you.
The orc hits you but does no damage.
Autopickup is now on.
You hit the orc priest but do no damage.
The orc priest is lightly wounded.
You slash the orc!
You kill the orc!
Okawaru accepts your kill. The orc priest barely misses you.
You closely miss the orc priest.
The orc priest is lightly wounded.
The orc priest invokes the aid of Beogh against you.
Pain shoots through your body!
A quokka comes into view.
You slash the orc priest!
The orc priest is severely wounded.
You barely miss something.
The orc priest invokes the aid of Beogh against you.
Pain shoots through your body! Something hits you but does no damage.
Deactivating autopickup; reactivate with Ctrl-A.
The orc priest hits you with a +0 falchion.
You hear some strange, mumbled words.
A puff of flame appears from out of thin air!
The puff of flame hits you.
You hit the orc priest but do no damage.
The orc priest is severely wounded.
You barely miss something. The orc priest barely misses you.
Something hits you.
You hit the orc priest but do no damage.
The orc priest is severely wounded.
You hit something.
The orc priest miscasts a cantrip.
You hear some strange, mumbled words.
A magic dart appears from out of thin air!
The magic dart hits you.
You die...

## .. ##+# .## ##...##
r. ##.....## ###o#
##.......## ##.#{#
#.........####..@o####
+.........'.............
#.....>...####....######
#.......## ##....#
##.....## ###.## ##.(.##
.# ##'## .# #.# .# #.#


You could see an orc priest, an orc and a quokka.

Vanquished Creatures
  3 adders (D:2)
  A worm (D:2)
  2 orcs (D:3)
  6 ball pythons
  6 endoplasms
  6 goblins
  A hobgoblin (D:1)
  8 jackals (D:1)
  A kobold (D:2)
  2 quokkas
  3 bats
  3 frilled lizards
  3 rats
45 creatures vanquished.

Notes
Turn   | Place    | Note
-------+----------+-------------------------------------------
     0 | D:1      | qw the Gargoyle Fighter began the quest for the Orb.
     0 | D:1      | Reached XP level 1. HP: 14/14 MP: 1/1
     0 | D:1      | 0 ||| qw: Version: 0.2-a-29-gd901d54
     0 | D:1      | 0 ||| qw: Game counter: 3985
     0 | D:1      | 0 ||| qw: Always use a shield: true
     0 | D:1      | 0 ||| qw: God list: Okawaru
     0 | D:1      | 0 ||| qw: Allow faded altars: false
     0 | D:1      | 0 ||| qw: Do Orc after D:15 true
     0 | D:1      | 0 ||| qw: Do second Lair branch before Depths: true
     0 | D:1      | 0 ||| qw: Lair rune preference: random
     0 | D:1      | 0 ||| qw: Plans: Normal, Zot:1-4, Slime:5, God:TSO, Crypt,
                  | Tomb, Abyss, Pan, Hells, Win
     0 | D:1      | 0 ||| PLANNING D:1-11
     8 | D:1      | 8 ||| Stepping ~*~*~tactically~*~*~ (stealth).
    20 | D:1      | Reached skill level 2 in Axes
   179 | D:1      | Reached XP level 2. HP: 19/19 MP: 2/2
   213 | D:1      | 213 ||| Stepping ~*~*~tactically~*~*~ (stealth).
   245 | D:1      | 245 ||| Stepping ~*~*~tactically~*~*~ (stealth).
   587 | D:1      | Reached skill level 3 in Axes
   602 | D:1      | Reached XP level 3. HP: 23/23 MP: 3/3
   634 | D:1      | 634 ||| READING scroll labelled XYULLIM XAF.
   635 | D:1      | 635 ||| READING 3 scrolls labelled FOIVATU YMIH.
   636 | D:1      | 636 ||| READING scroll labelled KOIJAONUTT.
   637 | D:1      | 637 ||| DROPPING 2 scrolls of fear.
   815 | D:2      | Found an iron altar of Okawaru.
   816 | D:2      | 816 ||| PLANNING OKAWARU WORSHIP
   816 | D:2      | 816 ||| READING scroll labelled TIASUSE TEMO.
   822 | D:2      | Became a worshipper of Warmaster Okawaru
   822 | D:2      | 822 ||| PLANNING D:1-11
  1002 | D:2      | 1002 ||| DROPPING +0 club.
  1188 | D:2      | Reached XP level 4. HP: 28/28 MP: 4/4
  1278 | D:2      | Reached skill level 4 in Axes
  1447 | D:2      | 1447 ||| DROPPING ring of wizardry.
  1448 | D:2      | 1448 ||| READING scroll labelled BEULOA QECLIASOWO.
  1449 | D:2      | 1449 ||| DRINKING 2 pink potions.
  1554 | D:2      | 1554 ||| DRINKING 2 black potions.
  1555 | D:2      | 1555 ||| DROPPING potion of berserk rage.
  1696 | D:3      | HP: 3/28 [something/puff of flame (5)]
  1698 | D:3      | Killed from afar by an orc wizard

Levels and vault maps discovered:
D:1:      dpeg_arrival_pond, layout_basic
D:2:      layout_basic, basic_altar
D:3:      layout_loops_corners, shapermc_ecumenical_altar_hornbeckon

Skill      XL: |  1  2  3  4 |
---------------+-------------+-----
Axes           | 2 3 4 |  4.1
Fighting       | |  3.2
Armour         | |  3.2
Shields        | |  3.2

Action                     |  1- 3 |  4- 6 || total
---------------------------+-------+-------++-------
  Melee: War axe           |   107 |    40 ||   147
    Use: Scroll            |     4 |     1 ||     5
         Potion            |       |     2 ||     2
 Armour: Scale mail        |    59 |    23 ||    82
  Dodge: Dodged            |    70 |    20 ||    90
  Block: Buckler           |    21 |     3 ||    24

Table legend:
 A = Non-vault XP
 B = Vault XP
 C = Vault XP percentage of total XP
 D = Non-vault monster count
 E = Vault monster count
 F = Vault count percentage of total count
                 A         B        C        D         E       F
            +---------+---------+-------+---------+---------+-------
      Total |     118 |       0 |   0.0 |      45 |       0 |   0.0
            +---------+---------+-------+---------+---------+-------
        D:1 |      35 |       0 |   0.0 |      19 |       0 |   0.0
        D:2 |      71 |       0 |   0.0 |      20 |       0 |   0.0
        D:3 |      12 |       0 |   0.0 |       6 |       0 |   0.0
            +---------+---------+-------+---------+---------+-------
